 Dungeon Crawl Stone Soup version 0.22-a0-282-gdd34a7d (webtiles) character file.

539 Amnesiac the Cutter (level 7, -1/41 HPs)
             Began as a Deep Elf Enchanter on Mar 18, 2018.
             Slain by a bog mummy (12 damage)
             ... in an ossuary.
             The game lasted 00:14:08 (6703 turns).

Amnesiac the Cutter (Deep Elf Enchanter)            Turns: 6703, Time: 00:14:09

Health: -1/41      AC:  5    Str:  5    XL:     7   Next: 5%
Magic:  1/13       EV: 14    Int: 22    God:
Gold:   208        SH:  0    Dex: 15    Spells: 4/12 levels left

rFire    . . .     SeeInvis .   a - +2 dagger
rCold    . . .     Gourm    .   (no shield)
rNeg     . . .     Faith    .   b - +0 robe
rPois    .         Spirit   .   (no helmet)
rElec    .         Reflect  .   (no cloak)
rCorr    +         Harm     .   p - +2 pair of gloves
MR       .....                  (no boots)
Stlth    +++.......             (no amulet)
HPRegen  0.13/turn              q - ring of resist corrosion
MPRegen  0.13/turn              (no ring)

@: no status effects
A: no striking features
a: no special abilities


You were in an ossuary.
You were not hungry.

You visited 2 branches of the dungeon, and saw 6 of its levels.
You also visited: Ossuary.

You collected 208 gold pieces.

Inventory:

Hand Weapons
 a - a +2 dagger (weapon)
Missiles
 n - 6 curare-tipped needles
Armour
 b - a +0 robe (worn)
 p - a +2 pair of gloves (worn)
Jewellery
 q - a ring of resist corrosion (left hand)
Scrolls
 c - a scroll of enchant weapon {!r}
 i - 3 scrolls of identify {!r}
 l - a scroll of amnesia {!r}
Comestibles
 d - 7 rations


   Skills:
 * Level 3.5 Fighting
 * Level 5.0 Short Blades
 + Level 3.4 Dodging
 + Level 4.8 Stealth
 - Level 3.0 Spellcasting
 - Level 4.0 Hexes


You had 4 spell levels left.
You knew the following spells:

 Your Spells              Type           Power        Failure   Level  Hunger
a - Ensorcelled Hibernat  Hex/Ice        ##....       9%          2    ##.....
e - Confuse               Hex            ###.....     7%          3    ###....
w - Tukima's Dance        Hex            ###.....     7%          3    ###....


Dungeon Overview and Level Annotations

Branches:
Dungeon (5/15)             Temple (1/1) D:4

Altars:
Ashenzari
Dithmenos
Elyvilon
Fedhas
Gozag
Kikubaaqudgha
Nemelex Xobeh
Qazlal
Trog
Wu Jian
Xom
Yredelemnul


Message History

You hit the bog mummy.
The bog mummy is moderately damaged.
The bog mummy casts a spell at you.
You easily resist.
You hit the bog mummy.
The bog mummy is heavily damaged.
You hit the bog mummy.
The bog mummy is heavily damaged.
The bog mummy barely misses you.
You hit the bog mummy.
The bog mummy is severely damaged.
You hit the bog mummy but do no damage.
The bog mummy is severely damaged.
The bog mummy misses you.
You hit the bog mummy but do no damage.
The bog mummy is severely damaged.
You hit the bog mummy but do no damage.
The bog mummy is severely damaged.
The bog mummy hits you.
* * * LOW HITPOINT WARNING * * *
You barely miss the bog mummy.
The bog mummy is severely damaged.
You barely miss the bog mummy.
The bog mummy is severely damaged.
You barely miss the bog mummy.
The bog mummy is severely damaged.
You feel a little less agile now. The bog mummy hits you!
* * * LOW HITPOINT WARNING * * *
Really quaff
e - a potion of heal wounds {!q}?
You feel much better. The bog mummy hits you.
Casting: Confuse (safe; 7% risk of failure)
Confirm with . or Enter, or press ? or * to list all spells.
Aiming: Confuse (safe; 7% risk of failure)
Press: ? - help, Shift-Dir - straight line, f/p - bog mummy
Aim: a bog mummy (severely damaged, chance to defeat MR: 50%)
The bog mummy resists with significant effort.
You barely miss the bog mummy.
The bog mummy is severely damaged.
The bog mummy hits you.
* * * LOW HITPOINT WARNING * * *
You hit the bog mummy but do no damage.
The bog mummy is severely damaged.
You hit the bog mummy but do no damage.
The bog mummy is severely damaged.
The bog mummy misses you.
You hit the bog mummy.
The bog mummy is severely damaged.
You barely miss the bog mummy.
The bog mummy is severely damaged.
The bog mummy hits you!!
* * * LOW HITPOINT WARNING * * *
You barely miss the bog mummy.
The bog mummy is severely damaged.
Really quaff
f - a potion of curing {!q}?
You feel better. The bog mummy barely misses you.
You hit the bog mummy.
The bog mummy is severely damaged.
You completely miss the bog mummy.
The bog mummy is severely damaged.
You hit the bog mummy.
The bog mummy is almost destroyed.
The bog mummy hits you!
You die...

##### #..@#
#.∩M# #...#
##+##
#...≈≈≈≈.≈≈≈.M
##≈≈#≈#≈#.≈.#+
#≈# #P .≈ ≈.#
#≈ ≈≈ ≈#≈ ##
### ≈#≈≈


You could see a bog mummy.

Vanquished Creatures
  A hound (D:4)
  3 orc priests
  2 orc wizards
  2 worker ants
  3 mummies (Ossuary)
  7 gnolls
  7 adders
  An adder zombie (Ossuary)
  2 adder skeletons (D:4)
  2 worms
  A dart slug (D:1)
  2 leopard geckos
  20 orcs
  5 bats
  4 giant cockroaches
  5 goblins
  11 hobgoblins
  9 jackals
  6 kobolds
  2 quokkas
  3 ball pythons
  6 frilled lizards
  6 rats
110 creatures vanquished.

Vanquished Creatures (collateral kills)
  A gnoll (D:3)
  An orc (D:3)
2 creatures vanquished.

Vanquished Creatures (others)
  2 withered plants (Ossuary)
2 creatures vanquished.

Grand Total: 114 creatures vanquished

Notes
Turn   | Place    | Note
-------+----------+-------------------------------------------
     0 | D:1      | Amnesiac the Deep Elf Enchanter began the quest for the Orb.
     0 | D:1      | Reached XP level 1. HP: 10/10 MP: 6/6
   886 | D:1      | Reached XP level 2. HP: 5/15 MP: 6/8
   890 | D:1      | Learned a level 2 spell: Ensorcelled Hibernation
  1242 | D:1      | Reached skill level 2 in Short Blades
  1640 | D:2      | Reached XP level 3. HP: 19/19 MP: 9/9
  1645 | D:2      | Learned a level 3 spell: Confuse
  1647 | D:2      | Reached skill level 3 in Short Blades
  1666 | D:2      | Found a sparkling altar of Nemelex Xobeh.
  1742 | D:2      | Reached XP level 4. HP: 24/24 MP: 10/10
  1754 | D:2      | Learned a level 3 spell: Tukima's Dance
  2347 | D:2      | Reached skill level 4 in Short Blades
  2757 | D:3      | Reached skill level 1 in Fighting
  3130 | D:3      | Reached XP level 5. HP: 30/30 MP: 6/11
  3843 | D:4      | Found a stormy altar of Qazlal.
  4306 | D:3      | Reached XP level 6. HP: 36/36 MP: 6/12
  5401 | D:4      | Found a staircase to the Ecumenical Temple.
  5407 | Temple   | Entered the Ecumenical Temple
  6479 | D:5      | Entered Level 5 of the Dungeon
  6579 | D:5      | Found a sand-covered staircase.
  6584 | Ossuary  | Entered an ossuary
  6601 | Ossuary  | Reached XP level 7. HP: 41/41 MP: 1/13
  6637 | Ossuary  | Reached skill level 5 in Short Blades
  6698 | Ossuary  | HP: 1/41 [bog mummy (18)]
  6703 | Ossuary  | Slain by a bog mummy

Vault maps used:
D:1:      minmay_arrival_solitary_statue
D:2:      marbit_many_paths, first_ration
D:3:      kennysheep_generic_room_12
D:4:      kennysheep_mini, minmay_temple_entry_fiery
D:5:      nicolae_overflow_hidden_temple, lightli_ossuary_entry_decrepit_ruins
Temple:   dpeg_chambers_temple
Ossuary:  ossuary_zaba_flooded

Skill      XL: |  1  2  3  4  5  6  7 |
---------------+----------------------+-----
Stealth        | 4 |  4.8
Short Blades   | 2 3 4 5 |  5.0
Fighting       | 1 2 3 |  3.5
Dodging        | 3 |  3.4
Spellcasting   | |  3.0
Hexes          | |  4.0

Action                   |  1- 3 |  4- 6 |  7- 9 || total
-------------------------+-------+-------+-------++-------
Melee: Dagger            |    69 |   231 |    50 ||   350
 Cast: Corona            |    11 |       |       ||    11
       Ensorcelled Hiber |    11 |    75 |       ||    86
       Tukima's Dance    |       |     3 |       ||     3
       Confuse           |       |    22 |     4 ||    26
  Use: Scroll            |       |    10 |       ||    10
       Potion            |       |     6 |     3 ||     9
 Stab: Sleeping          |    15 |    57 |       ||    72
       Confused          |       |     4 |       ||     4
       Distracted        |       |     1 |       ||     1
  Eat: Chunk             |     3 |    19 |       ||    22
       Ration            |       |     1 |       ||     1
Armor: Robe              |     7 |    46 |     4 ||    57
Dodge: Dodged            |    42 |   138 |    29 ||   209

Table legend:
 A = Spawn XP
 B = Non-spawn XP
 C = Spawn XP percentage of total XP
 D = Spawn monster count
 E = Non-spawn monster count
 F = Spawn count percentage of total count
 G = Total turns spent on level
                    A         B        C        D         E        F      G
               +---------+---------+-------+---------+---------+-------+---------
         Total |       0 |     771 |   0.0 |       0 |     112 |   0.0 |  6703
               +---------+---------+-------+---------+---------+-------+---------
           D:1 |       0 |      35 |   0.0 |       0 |      20 |   0.0 |  1564
           D:2 |       0 |      93 |   0.0 |       0 |      17 |   0.0 |  1444
           D:3 |       0 |     288 |   0.0 |       0 |      41 |   0.0 |  1397
           D:4 |       0 |     256 |   0.0 |       0 |      29 |   0.0 |  1822
           D:5 |       0 |      32 |   0.0 |       0 |       1 |   0.0 |   105
       Ossuary |       0 |      67 |   0.0 |       0 |       4 |   0.0 |   119
               +---------+---------+-------+---------+---------+-------+---------
